 Dungeon Crawl Stone Soup version 0.21.1-1-g345015f (webtiles) character file.

203 Golfball the Chopper (level 5, -2/49 HPs)
             Began as a Naga Fighter on May 9, 2018.
             Killed from afar by an orc wizard (5 damage)
             ... with a magic dart
             ... on level 3 of the Dungeon.
             The game lasted 00:08:01 (2338 turns).

Golfball the Chopper (Naga Fighter)                 Turns: 2338, Time: 00:08:01

Health: -2/49      AC:  5    Str: 23    XL:     5   Next: 81%
Magic:  5/5        EV:  5    Int:  9    God:
Gold:   235        SH:  9    Dex: 10    Spells: 4/4 levels left

rFire    . . .     SeeInvis +   a - +0 war axe
rCold    . . .     Gourm    .   c - +0 shield
rNeg     . . .     Faith    .   g - +0 scale mail
rPois    +         Spirit   .   (no helmet)
rElec    .         Reflect  .   (no cloak)
rCorr    .         Harm     .   (no gloves)
MR       .....                  (no barding)
Stlth    ..........             (no amulet)
HPRegen  0.16/turn              n - +4 ring of strength
MPRegen  0.09/turn              (no ring)

@: very slow
A: large, see invisible, deformed body, poison resistance, slowness 2, slow
metabolism 1, spit poison 1, AC +1
a: Spit Poison


You were on level 3 of the Dungeon.
You were hungry.

You visited 1 branch of the dungeon, and saw 3 of its levels.

You collected 235 gold pieces.

Inventory:

Hand Weapons
 a - a +0 war axe (weapon)
 b - a +0 hunting sling
 p - a +0 flail
Missiles
 e - 45 stones (quivered)
 q - 3 tomahawks
 r - 12 sling bullets
Armour
 c - a +0 shield (worn)
 g - a +0 scale mail (worn)
Jewellery
 n - a +4 ring of strength (left hand)
Scrolls
 h - 2 scrolls of immolation
 j - 3 scrolls of remove curse
 k - 2 scrolls of noise {unknown}
 o - a scroll of teleportation {unknown}
 s - a scroll of amnesia {unknown}
 u - a scroll of enchant armour {unknown}
 w - 3 scrolls of identify
Potions
 d - a potion of might
 i - 2 potions of cancellation {unknown}
 l - 4 potions of flight
 m - 2 potions of ambrosia {unknown}
 t - 2 potions of curing {unknown}
 v - a potion of mutation {unknown}
Comestibles
 f - 4 rations


   Skills:
 - Level 3.0 Fighting
 + Level 5.8 Axes
 - Level 2.4 Armour
 - Level 2.4 Shields


You had 4 spell levels left.
You didn't know any spells.

Dungeon Overview and Level Annotations

Branches:
Dungeon (3/15)

Altars:
Dithmenos
Gozag
Sif Muna
Trog


Innate Abilities, Weirdness & Mutations

You cannot wear boots.
Your serpentine skin is tough. (AC +1)
You have supernaturally acute eyesight. (SInv)
Armour fits poorly on your strangely shaped body.
Your system is resistant to poisons. (rPois)
You cover ground very slowly.
You have a slow metabolism.
You can spit poison.


Message History

You hit the orc wizard.
The orc wizard is severely wounded.
You hit the orc.
The orc wizard gestures wildly while chanting.
The orc wizard blinks!
The orc barely misses you.
You completely miss the orc.
The orc is severely wounded.
The orc hits you with a hand axe.
* * * LOW HITPOINT WARNING * * *
The orc wizard hits you but does no damage.
You barely miss the orc.
The orc is severely wounded.
You closely miss the orc wizard.
You have got your breath back.
The orc wizard hits you with a dagger.
* * * LOW HITPOINT WARNING * * *
You block the orc's attack. The orc wizard casts a spell at you.
The magic dart hits you!
You die...

..####...# +......# ..
.........####.[..... ...
.....[...##....#+##.
....#........##'##.#.##.
....######...........###
........##........<#.###
...................#..##
#.....o..........#....
#...†@...#########....
#...o....# ######....
...........# #......#+#
.....#......# #......#..
.....#......# #.........
.... #......# #.........
... #......# #####.....
... #......# #.....
#.....


You could see an orc wizard and an orc.

Vanquished Creatures
  An orc priest (D:3)
  A bullfrog skeleton (D:2)
  2 orc wizards (D:2)
  2 adders (D:2)
  2 oozes
  2 worms (D:2)
  3 dart slugs (D:1)
  2 orcs
  A ball python (D:2)
  3 bats
  6 giant cockroaches
  8 goblins
  5 hobgoblins
  2 frilled lizards (D:1)
  7 kobolds
  3 rats
50 creatures vanquished.

Notes
Turn   | Place    | Note
-------+----------+-------------------------------------------
     0 | D:1      | Golfball the Naga Fighter began the quest for the Orb.
     0 | D:1      | Reached XP level 1. HP: 21/21 MP: 1/1
   152 | D:1      | Noticed a komodo dragon
   152 | D:1      | Noticed a tyrant leech
   152 | D:1      | Noticed a queen ant
   152 | D:1      | Noticed a hell rat
   152 | D:1      | Noticed a yaktaur captain
   359 | D:1      | Reached XP level 2. HP: 13/28 MP: 2/2
   628 | D:1      | Reached skill level 3 in Axes
   798 | D:1      | Reached XP level 3. HP: 21/34 MP: 3/3
  1178 | D:2      | Reached skill level 4 in Axes
  1178 | D:2      | Reached XP level 4. HP: 28/42 MP: 4/4
  1554 | D:2      | Reached skill level 5 in Axes
  1638 | D:2      | Reached XP level 5. HP: 49/49 MP: 5/5
  1789 | D:2      | Found a deep blue altar of Sif Muna.
  1848 | D:2      | Found an opulent altar of Gozag.
  1848 | D:2      | Found a shadowy altar of Dithmenos.
  1848 | D:2      | Found a bloodstained altar of Trog.
  2338 | D:3      | Killed from afar by an orc wizard

Skill      XL: |  1  2  3  4 |
---------------+-------------+-----
Axes           | 3 4 5 |  5.8
Fighting       | |  3.0
Armour         | |  2.4
Shields        | |  2.4

Action                   |  1- 3 |  4- 6 || total
-------------------------+-------+-------++-------
Melee: War axe           |    75 |    87 ||   162
 Fire: Hunting sling     |       |     4 ||     4
 Abil: Spit Poison       |     4 |    21 ||    25
  Use: Scroll            |       |     3 ||     3
  Eat: Chunk             |       |     4 ||     4
Armor: Scale mail        |    30 |    44 ||    74
Dodge: Dodged            |    24 |    26 ||    50
Block: Shield            |    35 |    54 ||    89
